 Dungeon Sprint DCSS version 0.26-a0-649-gf8c6c3aab7 (webtiles) character file.

Game seed: 11472991770831586013

201600000 sahdkjhfkaj the Axe Maniac (level 27, -8/248 (249) HPs)
             Began as a Formicid Fighter on Sept 27, 2020.
             Was the Champion of Makhleb.
             Engulfed by a vile's foul pestilence (10 damage)
             ... in the Dungeon (Sprint VIII: "Arena of Blood").
             The game lasted 00:06:17 (2016 turns).

sahdkjhfkaj the Axe Maniac (Formicid Fighter)       Turns: 2016, Time: 00:06:18

HP:   -8/248 (249)  AC: 13    Str: 25    XL:     27
MP:   54/54         EV: 30    Int: 10    God:    Makhleb [******]
Gold: 0             SH:  0    Dex: 17    Spells: 80/80 levels left

rFire    . . .     SeeInvis +   g - +∞ Axe of Woe
rCold    . . .     Faith    .   b - +0 kite shield
rNeg     . . .     Spirit   .   a - +0 scale mail
rPois    .         Reflect  .   (helmet unavailable)
rElec    .         Harm     .   (no cloak)
rCorr    .         Rampage  .   (no gloves)
MR       ++...                  (no boots)
Stlth    ++........             (no amulet)
HPRegen  0.00/turn              (no ring)
MPRegen  0.34/turn              (no ring)

@: confused, lethally poisoned (-8 -> -59), non-regenerating, diseased
A: permanent stasis, dig shafts and tunnels, four strong arms, antennae 3
a: Dig, Minor Destruction, Lesser Servant of Makhleb, Major Destruction, Greater
Servant of Makhleb, Renounce Religion


You were in the Dungeon.
You worshipped Makhleb.
Makhleb was exalted by your worship.
You visited 1 branch

Inventory:

Hand Weapons
 g - the +∞ Axe of Woe (weapon)
   (You found it in the Dungeon)
Armour
 a - a +0 scale mail (worn)
 b - a +0 kite shield (worn)
Jewellery
 h - a +30 ring of slaying
Potions
 c - a potion of might
 e - a potion of heal wounds
 f - 2 potions of magic


   Skills:
 O Level 27 Fighting
   Level 16.4(18.9) Short Blades
   Level 16.4(18.9) Long Blades
 O Level 27 Axes
   Level 16.4(24.8) Maces & Flails
   Level 16.4(24.8) Polearms
   Level 16.4(20.9) Staves
   Level 17.7(25.0) Slings
   Level 14.1 Bows
   Level 16.4 Crossbows
 O Level 27 Throwing
 O Level 27 Armour
 O Level 27 Dodging
 O Level 27 Stealth
 O Level 27 Shields
 O Level 27 Unarmed Combat
 O Level 27 Spellcasting
   Level 15.2 Conjurations
   Level 19.0 Hexes
   Level 16.4 Summonings
   Level 16.4 Necromancy
   Level 15.2 Translocations
   Level 17.7 Transmutations
   Level 16.4 Fire Magic
   Level 16.4 Ice Magic
   Level 14.1 Air Magic
   Level 19.0 Earth Magic
   Level 20.4 Poison Magic
 O Level 27 Invocations
   Level 17.7 Evocations


You had 80 spell levels left.
You didn't know any spells.
Your spell library was empty.

Dungeon Overview and Level Annotations

Branches:
Dungeon (1/1)

Altars:
Makhleb


Innate Abilities, Weirdness & Mutations

You cannot be hasted, slowed, berserked, paralysed or teleported.
You can dig through walls and to a lower floor.
Your four strong arms can wield two-handed weapons with a shield.
You have a pair of large antennae on your head. (SInv)


Message History

Unknown command.
Unknown command.
Unknown command.
Unknown command.
Unknown command.
Unknown command.
Unknown command.
Unknown command.
Unknown command.
Unknown command.
Unknown command.
Unknown command.
Unknown command.
Okay, then.
Okay, then.
You're too confused to move!
You are engulfed in dark miasma.
You are more poisoned.
You feel your flesh rotting away!
You feel ill.
Your stasis prevents you from being slowed.
You die...

......{o..# #..# ..###..{{{#
#..# .........O# #..#
#).)...o..###############..#
)).......=...)....)§§.).#..#
)#.......WW°9....####)###..#
........D99.O○°○○.##.## #..#
#.#..#..ODp.o§2§○○#.## #..#
....#.OMOD..2§°2@#)## #..#
....o#..GD..9§§§○○○# #..#
....#{....##.#.#.○## #..#
.o.Vz.....###.#..#.# #..# ##
#.##.# #..# ..# ## #..# #.#
#..# #.. #..# #.# #..#


You could see 3 meat beasts, 3 eight-headed meat hydras, a fleshlord (fast), a
large bag of meat (inner flame), 2 dreads, 4 viles and a bag of meat.

Vanquished Creatures
  2 molten gargoyles (D)
  29 orcs (D)
  2 vampire knights (D)
  15 ogres (D)
  3 two-headed ogres (D)
51 creatures vanquished.

Notes
Turn   | Place    | Note
-------+----------+-------------------------------------------
     0 | D        | Found the +∞ Axe of Woe
     0 | D        | sahdkjhfkaj the Formicid Fighter began the quest for the
                  | Orb.
     0 | D        | Reached XP level 1. HP: 18/18 MP: 1/1
     1 | D        | Noticed a bag of meat
     3 | D        | Became a worshipper of Makhleb the Destroyer
     3 | D        | Noticed a bag of meat
     5 | D        | Noticed a meat berserker
     6 | D        | Noticed a bag of meat
     6 | D        | Noticed a bag of meat
     8 | D        | Noticed a bag of meat
    10 | D        | Noticed a bag of meat
    10 | D        | Noticed a meat berserker
    10 | D        | Noticed a meat berserker
    11 | D        | Noticed a destroyer
    11 | D        | Noticed a bag of meat
    11 | D        | Noticed a bag of meat
    11 | D        | Noticed a meat berserker
    11 | D        | Noticed a bag of meat
    12 | D        | Noticed a bag of meat
    12 | D        | Noticed a bag of meat
    12 | D        | Noticed a bag of meat
    12 | D        | Noticed a destroyer
    12 | D        | Noticed a bag of meat
    12 | D        | Noticed a bag of meat
    12 | D        | Noticed a meat berserker
    12 | D        | Noticed a meat berserker
    12 | D        | Noticed a bag of meat
    12 | D        | Noticed a bag of meat
    13 | D        | Killed a bag of meat
    13 | D        | Reached XP level 2. HP: 24/24 MP: 2/2
    13 | D        | Reached XP level 3. HP: 29/29 MP: 3/3
    13 | D        | Reached XP level 4. HP: 35/35 MP: 4/4
    13 | D        | Reached XP level 5. HP: 41/41 MP: 5/5
    13 | D        | Reached XP level 6. HP: 47/47 MP: 6/6
    13 | D        | Reached XP level 7. HP: 52/52 MP: 7/7
    13 | D        | Reached XP level 8. HP: 58/58 MP: 8/8
    13 | D        | Reached XP level 9. HP: 64/64 MP: 9/9
    13 | D        | Reached XP level 10. HP: 70/70 MP: 10/10
    13 | D        | Reached XP level 11. HP: 75/75 MP: 11/11
    13 | D        | Reached XP level 12. HP: 81/81 MP: 12/12
    13 | D        | Noticed a bag of meat
    13 | D        | Noticed a meat berserker
    13 | D        | Noticed a bag of meat
    13 | D        | Noticed a bag of meat
    13 | D        | Noticed a bag of meat
    13 | D        | Noticed a bag of meat
    13 | D        | Noticed a bag of meat
    13 | D        | Noticed a meat berserker
    14 | D        | Killed a destroyer
    14 | D        | Reached * piety under Makhleb
    14 | D        | Reached skill level 27 in Axes
    14 | D        | Reached skill level 15 in Fighting
    14 | D        | Reached skill level 15 in Armour
    14 | D        | Reached XP level 13. HP: 50/116 MP: 13/13
    14 | D        | Reached XP level 14. HP: 53/123 MP: 14/14
    14 | D        | Killed a bag of meat
    14 | D        | Reached XP level 15. HP: 58/134 MP: 15/15
    14 | D        | Reached skill level 10 in Unarmed Combat
    14 | D        | Reached ** piety under Makhleb
    14 | D        | Reached XP level 16. HP: 106/150 MP: 16/16
    14 | D        | Killed a meat berserker
    14 | D        | Reached XP level 17. HP: 115/162 MP: 17/17
    15 | D        | Killed a meat berserker
    15 | D        | Reached *** piety under Makhleb
    15 | D        | Reached skill level 27 in Shields
    15 | D        | Reached XP level 18. HP: 179/179 MP: 18/18
    15 | D        | Reached skill level 27 in Fighting
    15 | D        | Reached skill level 27 in Armour
    15 | D        | Reached skill level 15 in Unarmed Combat
    16 | D        | Killed a meat berserker
    16 | D        | Reached XP level 19. HP: 189/189 MP: 19/19
    16 | D        | Killed a meat berserker
    16 | D        | Reached **** piety under Makhleb
    16 | D        | Reached skill level 27 in Unarmed Combat
    17 | D        | Killed a meat berserker
    17 | D        | Reached skill level 10 in Throwing
    17 | D        | Reached skill level 10 in Dodging
    17 | D        | Reached skill level 10 in Spellcasting
    17 | D        | Reached XP level 20. HP: 197/197 MP: 19/34
    17 | D        | Killed a meat berserker
    17 | D        | Reached skill level 15 in Throwing
    17 | D        | Reached skill level 15 in Spellcasting
    18 | D        | Reached ***** piety under Makhleb
    18 | D        | Reached skill level 15 in Dodging
    18 | D        | Reached XP level 21. HP: 204/204 MP: 19/41
    19 | D        | Killed a meat berserker
    19 | D        | Reached XP level 22. HP: 212/212 MP: 19/46
    20 | D        | Reached ****** piety under Makhleb
    21 | D        | Noticed a large bag of meat
    21 | D        | Noticed a large bag of meat
    22 | D        | Reached skill level 27 in Stealth
    22 | D        | Reached XP level 23. HP: 219/219 MP: 20/50
    22 | D        | Reached skill level 27 in Invocations
    24 | D        | Noticed a large bag of meat
    24 | D        | Reached skill level 27 in Dodging
    24 | D        | Reached skill level 27 in Throwing
    24 | D        | Reached skill level 27 in Spellcasting
    24 | D        | Reached XP level 24. HP: 227/227 MP: 20/54
    26 | D        | Reached XP level 25. HP: 234/234 MP: 21/54
    27 | D        | Noticed a large bag of meat
    27 | D        | Noticed a large bag of meat
    29 | D        | Killed a destroyer
    29 | D        | Reached XP level 26. HP: 242/242 MP: 22/54
    36 | D        | Noticed a destroyer
    51 | D        | Reached XP level 27. HP: 249/249 MP: 30/54
    59 | D        | Killed a large bag of meat
    70 | D        | Killed a large bag of meat
  1692 | D        | Reached skill level 15 in Conjurations
  1692 | D        | Reached skill level 15 in Translocations
  2004 | D        | Noticed a vile
  2005 | D        | Noticed an accursed
  2005 | D        | Noticed a vile
  2006 | D        | Noticed a vile
  2009 | D        | Noticed a large bag of meat
  2010 | D        | Noticed a meat beast
  2010 | D        | Noticed a vile
  2010 | D        | Noticed a dread
  2010 | D        | Noticed a large bag of meat
  2011 | D        | Noticed a dread
  2011 | D        | Noticed a fleshlord
  2012 | D        | Noticed a meat beast
  2012 | D        | Noticed a meat beast
  2012 | D        | Killed a vile
  2012 | D        | Noticed a vile
  2013 | D        | Killed a vile
  2013 | D        | Noticed a vile
  2015 | D        | Killed a large bag of meat
  2015 | D        | HP: 2/249 [vile/foul vapour (80)]
  2016 | D        | Engulfed by a vile's foul pestilence

Illustrated notes

Levels and vault maps discovered:
D:        meatsprint

Skill      XL: |  1  2  3  4  5  6  7  8  9 10 11 12 13 14 15 16 17 18 19 20 21 22 23 24 25 26 27 |
---------------+----------------------------------------------------------------------------------+-----
Axes           | 25 27 | 27.0
Fighting       | 15 17 20 22 25 27 | 27.0
Armour         | 15 17 20 22 25 27 | 27.0
Shields        | 16 18 21 24 27 | 27.0
Unarmed Combat | 8 9 11 12 14 23 27 | 27.0
Throwing       | 10 16 20 23 27 | 27.0
Dodging        | 10 15 19 21 27 | 27.0
Stealth        | 13 20 25 27 | 27.0
Spellcasting   | 10 16 20 23 27 | 27.0
Invocations    | 12 18 23 26 27 | 27.0
Short Blades   | 16 | 16.4
Long Blades    | 16 | 16.4
Maces & Flails | 16 | 16.4
Polearms       | 16 | 16.4
Staves         | 16 | 16.4
Slings         | 17 | 17.7
Bows           | 14 | 14.1
Crossbows      | 16 | 16.4
Conjurations   | 15 | 15.2
Hexes          | 19 | 19.0
Summonings     | 16 | 16.4
Necromancy     | 16 | 16.4
Translocations | 15 | 15.2
Transmutations | 17 | 17.7
Fire Magic     | 16 | 16.4
Ice Magic      | 16 | 16.4
Air Magic      | 14 | 14.1
Earth Magic    | 19 | 19.0
Poison Magic   | 20 | 20.4
Evocations     | 17 | 17.7

Action                   |  1- 3 |  4- 6 |  7- 9 | 10-12 | 13-15 | 16-18 | 19-21 | 22-24 | 25-27 || total
-------------------------+-------+-------+-------+-------+-------+-------+-------+-------+-------++-------
Melee: Executioner's axe |     1 |       |       |     1 |       |     2 |     3 |     5 |    12 ||    24
Invok: Greater Servant o |       |       |       |       |       |       |       |       |     1 ||     1
 Abil: Dig               |     1 |       |       |       |       |       |       |       |     9 ||    10
  Use: Potion            |       |       |       |       |       |       |       |       |     1 ||     1
Dodge: Dodged            |       |       |       |     1 |       |       |       |     2 |     3 ||     6
Block: Kite shield       |       |       |       |     1 |       |     1 |       |       |     2 ||     4

Table legend: (Time is in decaauts)
 A = Elapsed time spent in this place.
 B = Non-inter-level travel time spent in this place.
 C = Inter-level travel time spent in this place.
 D = Time resting spent in this place.
 E = Time spent auto-exploring this place.
 F = Levels seen in this place.
 G = Mean time per level.
                   A        B        C        D        E       F      G
               +--------+--------+--------+--------+--------+-----+--------+
         Total |   2088 |   2088 |      0 |   1285 |      0 |   1 | 2088.0 |
       Dungeon |   2088 |   2088 |      0 |   1285 |      0 |   1 | 2088.0 |
               +--------+--------+--------+--------+--------+-----+--------+

Top non-repeatable levels by time:
       D: 2088 daAuts
